 Dungeon Crawl Stone Soup version 0.29-a0-1043-g569b05d6ff (webtiles) character file.

Game seed: 13665472998267585853

279 xian the Chopper (level 6, -10/54 (55) HPs)
             Began as a Hill Orc Berserker on Aug 15, 2022.
             Was a Believer of Trog.
             Mangled by Duvessa
             ... wielding a +4 short sword of speed
              (11 damage)
             ... on level 4 of the Dungeon.
             The game lasted 00:08:40 (3842 turns).

xian the Chopper (Hill Orc Berserker)               Turns: 3842, Time: 00:08:40

HP:   -10/54 (55)   AC:  9    Str: 22    XL:     6   Next: 26%
MP:   6/6           EV:  8    Int:  7    God:    Trog [**....]
Gold: 116           SH:  0    Dex: 10    Spells: 5/5 levels left

rFire   . . .      SeeInvis .   r - +0 short sword (venom)
rCold   . . .      Faith    .   (no shield)
rNeg    . . .      Spirit   .   f - +0 chain mail
rPois   .          Reflect  .   (no helmet)
rElec   .          Harm     .   k - scarf {+Inv}
rCorr   .          Rampage  .   (no gloves)
Will    .....                   (no boots)
Stlth   ..........              (no amulet)
HPRegen 0.18/turn               (no ring)
MPRegen 0.10/turn               (no ring)

@: on berserk cooldown, slowed, lightly drained, very slow
A: no striking features
a: Renounce Religion, Evoke Invisibility, Berserk, Trog's Hand


You were on level 4 of the Dungeon.
You worshipped Trog.
Trog was pleased with you.
You visited 1 branch of the dungeon, and saw 4 of its levels.

You collected 139 gold pieces.
You spent 23 gold pieces at shops.

Inventory:

Hand Weapons
 a - a +0 hand axe
 r - a +0 short sword of venom (weapon)
Armour
 f - a +0 chain mail (worn)
 k - a scarf of invisibility (worn)
Wands
 n - a wand of polymorph (13)
Scrolls
 b - a scroll of vulnerability {unknown}
 c - 5 scrolls of identify {unknown}
 d - a scroll of poison {unknown}
 i - 2 scrolls of teleportation {unknown}
 j - a scroll of enchant weapon {unknown}
 l - a scroll of immolation {unknown}
 p - a scroll of fog {unknown}
 s - a scroll of enchant armour {unknown}
 t - a scroll of fear {unknown}
Potions
 e - 3 potions of lignification {unknown}
 g - a potion of attraction {unknown}
 h - a potion of cancellation {unknown}
 m - 4 potions of curing {unknown}
 o - 2 potions of flight {unknown}
 q - a potion of mutation {unknown}


   Skills:
 + Level 4.9 Fighting
 + Level 6.4 Axes
 + Level 4.2 Armour
 + Level 2.0 Dodging
 + Level 0.8 Stealth


You had 5 spell levels left.
You didn't know any spells.
Your spell library was empty.

Dungeon Overview and Level Annotations

Branches:
Dungeon (4/15)
 Temple: D:4-7

Altars:

Shops:
D:1 *(

Annotations:
D:4 Dowan, Duvessa


Message History

Unknown command.
Unknown command.
You slash the dart slug!
You kill the dart slug!
Trog accepts your kill.
You hit Duvessa but do no damage.
Duvessa hits you with a +4 short sword of speed!
Duvessa closely misses you. Duvessa barely misses you.
Duvessa attacks as you move away! Duvessa hits you but does no damage.
Unknown command.
Okay, then.
Your +0 short sword of venom begins to drip with poison!
r - a +0 short sword of venom (weapon)
Duvessa barely misses you.
You hit Duvessa.
Duvessa is heavily wounded.
Duvessa barely misses you.
Duvessa hits you with a +4 short sword of speed!
Duvessa hits you with a +4 short sword of speed.
You completely miss Duvessa.
Duvessa is heavily wounded.
Duvessa hits you but does no damage. x2
Unknown command.
You hit Duvessa but do no damage.
Duvessa is poisoned.
Duvessa is heavily wounded.
Duvessa hits you with a +4 short sword of speed!
* * * LOW HITPOINT WARNING * * *
Duvessa closely misses you.
Duvessa hits you with a +4 short sword of speed!
* * * LOW HITPOINT WARNING * * *
Unknown command.
Duvessa attacks as you move away!
Duvessa hits you with a +4 short sword of speed.
* * * LOW HITPOINT WARNING * * *
Duvessa hits you with a +4 short sword of speed.
* * * LOW HITPOINT WARNING * * *
There is a stone staircase leading up, spattered with blood here.
Duvessa completely misses you.
Duvessa hits you with a +4 short sword of speed!
You die...

#..$.......^#
#...........#
#....)......#
##)# #S.#
......#)#
.....##e#
.#..# #e# #.#
#@# #.# #.#
.# #'# .:.
.(... .......
........+
........[#
..........#


You could see Duvessa (very poisoned), Dowan and an adder (wandering).

Vanquished Creatures
  An ogre (D:3)
  Ijyb (D:4)
  Terence (D:3)
  7 adders
  An ufetubus (D:4)
  A worm (D:2)
  4 dart slugs
  2 orcs (D:4)
  2 bats (D:3)
  4 endoplasms
  4 giant cockroaches
  8 hobgoblins
  6 jackals
  10 ball pythons
  2 frilled lizards (D:1)
  6 goblins
  4 kobolds
  4 rats
68 creatures vanquished.

Vanquished Creatures (others)
  A giant cockroach (D:4)
1 creature vanquished.

Grand Total: 69 creatures vanquished

Notes
Turn   | Place    | Note
-------+----------+-------------------------------------------
     0 | D:1      | xian the Hill Orc Berserker began the quest for the Orb.
     0 | D:1      | Reached XP level 1. HP: 19/19 MP: 1/1
    86 | D:1      | Found Rookof's Weapon Shop.
   219 | D:1      | Reached XP level 2. HP: 24/27 MP: 2/2
   683 | D:1      | Found Amoug's Assorted Antiques.
   797 | D:1      | Bought a scroll labelled IHUEHA DOEN for 23 gold pieces
  1039 | D:1      | Reached XP level 3. HP: 33/33 MP: 3/3
  1043 | D:1      | Found a faded altar of an unknown god.
  1682 | D:2      | Reached skill level 5 in Axes
  2225 | D:2      | Reached XP level 4. HP: 19/41 MP: 4/4
  2916 | D:3      | Reached ** piety under Trog
  3160 | D:3      | Noticed Terence
  3169 | D:3      | Killed Terence
  3170 | D:3      | Reached XP level 5. HP: 47/47 MP: 5/5
  3379 | D:3      | Noticed an ogre
  3387 | D:3      | Killed an ogre
  3388 | D:3      | Reached skill level 6 in Axes
  3781 | D:3      | Reached XP level 6. HP: 55/55 MP: 6/6
  3809 | D:4      | Noticed Ijyb
  3815 | D:4      | Noticed Duvessa
  3816 | D:4      | Noticed Dowan
  3820 | D:4      | Killed Ijyb
  3841 | D:4      | HP: 1/54 [Duvessa/+4 short sword of speed (2)]
  3842 | D:4      | Mangled by Duvessa

Illustrated notes

Levels and vault maps discovered:
D:1:      dpeg_arrival_concentric_ovals, layout_basic,
          dilly_ecumenical_altar_fadedgnrine, serial_shops,
          nicolae_diamond_shop, nicolae_shop_bloodbath_and_beyond
D:2:      layout_loops_ring, minmay_misc_feat_doors, kennysheep_generic_room_13
D:3:      layout_basic, minmay_misc_feat_x, minmay_snake_closets, uniq_terence
D:4:      layout_basic, mainiacjoe_overflow_alcove_1,
          nicolae_overflow_crystal_walls, kennysheep_mini_moat, serial_shops,
          nicolae_shop_behind_doors, minmay_starry_boxes,
          uniq_crazy_yiuf_cottage, uniq_duvessa, uniq_ijyb

Skill      XL: |  1  2  3  4  5  6 |
---------------+-------------------+-----
Fighting       | 4 |  4.9
Axes           | 5 6 |  6.4
Armour         | 3 4 |  4.2
Dodging        | 2 |  2.0
Stealth        | |  0.8

Action                   |  1- 3 |  4- 6 || total
-------------------------+-------+-------++-------
Melee: Hand axe          |   120 |   113 ||   233
       Punch             |       |     1 ||     1
       Short sword       |       |     3 ||     3
Invok: Berserk           |     2 |     4 ||     6
       Trog's Hand       |       |     2 ||     2
Evoke: Wand              |       |     1 ||     1
Armor: Animal skin       |     7 |       ||     7
       Chain mail        |    36 |    93 ||   129
Dodge: Dodged            |    60 |    73 ||   133

Table legend: (Time is in decaauts)
 A = Elapsed time spent in this place.
 B = Non-inter-level travel time spent in this place.
 C = Inter-level travel time spent in this place.
 D = Time resting spent in this place.
 E = Time spent auto-exploring this place.
 F = Levels seen in this place.
 G = Mean time per level.
                   A        B        C        D        E       F      G
               +--------+--------+--------+--------+--------+-----+--------+
         Total |   3897 |   3795 |    102 |      0 |   3092 |   4 |  974.2 |
       Dungeon |   3897 |   3795 |    102 |      0 |   3092 |   4 |  974.2 |
               +--------+--------+--------+--------+--------+-----+--------+

Top non-repeatable levels by time:
     D:1: 1412 daAuts
     D:2: 1285 daAuts
     D:3: 1150 daAuts
     D:4: 48 daAuts
